 Dungeon Crawl Stone Soup version 0.30.0-18-gc0e69614cb (webtiles) character file.

Game seed: 5577086497617140597

261 zazu2006 the Cleaver (level 6, -5/47 HPs)
             Began as a Gnoll Wanderer on May 23, 2023.
             Slain by a sky beast (6 damage)
             ... on level 3 of the Dungeon.
             The game lasted 00:03:43 (1450 turns).

zazu2006 the Cleaver (Gnoll Wanderer)               Turns: 1450, Time: 00:03:43

Health: -5/47      AC:  4    Str:  9    XL:     6   Next: 18%
Magic:  9/11       EV: 16    Int: 16    God:
Gold:   124        SH:  4    Dex: 13    Spells: 10/11 levels left

rFire   . . .        a - +2 hand axe
rCold   . . .        b - +0 buckler
rNeg    . . .        d - +0 robe
rPois   .            m - +0 helmet
rElec   .            (no cloak)
rCorr   .            k - +0 pair of gloves
SInv    .            (no boots)
Will    .....        (no amulet)
Stlth   ++           h - +5 ring of evasion
HPRegen 0.27/turn    (no ring)
MPRegen 0.12/turn

%: no passive effects
@: no status effects
A: fangs 1, strong nose, distributed training, clever 1, no potion heal 1
a: no special abilities


You were on level 3 of the Dungeon.
You visited 1 branch of the dungeon, and saw 3 of its levels.

You collected 124 gold pieces.

Inventory:

Hand Weapons
 a - a +2 hand axe (weapon)
Armour
 b - a +0 buckler (worn)
 d - a +0 robe (worn)
 k - a +0 pair of gloves (worn)
 m - a +0 helmet (worn)
Jewellery
 h - a +5 ring of evasion (left hand)
 i - an amulet of faith
Wands
 l - a wand of polymorph (5)
Scrolls
 c - a scroll of vulnerability
 e - a scroll of poison {unknown}
 f - a scroll of blinking {unknown}
 g - a scroll of fog {unknown}
 o - 4 scrolls of identify {unknown}
 p - a scroll of enchant armour {unknown}
Potions
 j - a potion of cancellation {unknown}
 n - a potion of mutation
 q - 2 potions of lignification {unknown}
 r - a potion of curing {unknown}


   Skills:
 + Level 3.2 Fighting
 + Level 1.9 Short Blades
 + Level 1.9 Long Blades
 + Level 8.7 Axes
 + Level 1.9 Maces & Flails
 + Level 1.9 Polearms
 + Level 1.9 Staves
 + Level 1.9 Ranged Weapons
 + Level 1.9 Throwing
 + Level 3.2 Armour
 + Level 1.9 Dodging
 + Level 1.9 Stealth
 + Level 3.2 Shields
 + Level 1.9 Unarmed Combat
 + Level 3.4 Spellcasting
 + Level 1.5 Conjurations
 + Level 4.1 Hexes
 + Level 1.5 Summonings
 + Level 1.5 Necromancy
 + Level 1.5 Translocations
 + Level 1.5 Transmutations
 + Level 1.5 Fire Magic
 + Level 1.5 Ice Magic
 + Level 1.5 Air Magic
 + Level 1.5 Earth Magic
 + Level 1.5 Poison Magic
 + Level 2.1 Invocations
 + Level 1.9 Evocations


You had 10 spell levels left.
You knew the following spells:

 Your Spells              Type           Power      Damage    Failure   Level
a - Slow                  Hex            60%        N/A       4%          1

Your spell library contained the following spells:

 Spells                   Type           Power      Damage    Failure   Level
 Summon Guardian Golem    Hex/Summ       11%        N/A       24%         3


Dungeon Overview and Level Annotations

Branches:
Dungeon (3/15)

Altars:

Shops:
D:2 [


Innate Abilities, Weirdness & Mutations

You have very sharp teeth.
Your uncanny sense of smell can sniff out nearby items.
Your experience applies equally to all skills.
Your mind is acute. (Int +4, Str/Dex -1)
Potions are less effective at restoring your health.


Message History

Your Shields skill increases to level 3!
Your Hexes skill increases to level 4!
Your Invocations skill increases to level 2!
You have reached level 5!
You have reached level 6!
Unknown command.
Unknown command.
Unknown command.
You closely miss something. Your bite misses something.
Something hits you but does no damage.
You barely miss something. Something barely misses you.
You miss something. Something hits you but does no damage.
You slash something! You bite something. Something hits you but does no damage.
You miss something. You miss something. Your bite misses something.
Something completely misses you.
You completely miss something. Something hits you but does no damage.
You hit something. Something hits you. Something shocks you.
You completely miss something. Your bite misses something. Something hits you.
Something shocks you.
* * * LOW HITPOINT WARNING * * *
You closely miss something. Something hits you but does no damage.
You hit something. Something hits you.
* * * LOW HITPOINT WARNING * * *
Something shocks you.
* * * LOW HITPOINT WARNING * * *
Unknown command.
It was a potion of mutation.
You feel extremely strange.
Your system partially rejects the healing effects of potions.
You feel clever. Something hits you but does no damage.
Something hits you but does no damage.
A sky beast appears from thin air!
Reactivating autopickup.
You miss the sky beast.
The sky beast is severely wounded.
The sky beast hits you.
* * * LOW HITPOINT WARNING * * *
The sky beast shocks you.
You die...

#. ...# #. ... #.###
....# ####.. #.#..
..#... .....
#.#.######.#... ..#..
#.#.#....#.#.##.#.#..
###)#.#.##.#.#.##.#.#..
#...§...#....#.# ...#..
#....Y@.####.#.####....
#................†.....
#......#######.#####...
#....... ...# #..#
........## #########..#
.......... ........>#
.........#. ####....#
.........# #.†..#
...###### #....#


You could see a sky beast.

Vanquished Creatures
  Sigmund (D:3)
  Robin (D:2)
  2 adders (D:2)
  A gnoll (D:1)
  2 worms
  A dart slug (D:2)
  5 ball pythons
  4 bats
  6 endoplasms (D:1)
  3 giant cockroaches (D:2)
  3 hobgoblins
  2 jackals (D:2)
  5 kobolds
  2 quokkas
  4 frilled lizards
  14 goblins
  4 rats
60 creatures vanquished.

Notes
Turn   | Place    | Note
-------+----------+-------------------------------------------
     0 | D:1      | zazu2006 the Gnoll Wanderer began the quest for the Orb.
     0 | D:1      | zazu2006 set off with the following items: a +2 hand axe, a
                  | +0 buckler, a scroll of vulnerability, a +0 robe; and the
                  | following spell memorised: Slow; and the following spells
                  | available to memorise: Summon Guardian Golem.
     0 | D:1      | Reached XP level 1. HP: 17/17 MP: 4/4
   165 | D:1      | Reached XP level 2. HP: 21/23 MP: 5/5
   473 | D:1      | Found a faded altar of an unknown god.
   702 | D:1      | Reached XP level 3. HP: 16/28 MP: 7/7
   824 | D:2      | Reached skill level 1 in Invocations
   837 | D:2      | Reached skill level 1 in Short Blades
   837 | D:2      | Reached skill level 1 in Long Blades
   837 | D:2      | Reached skill level 1 in Maces & Flails
   837 | D:2      | Reached skill level 1 in Polearms
   837 | D:2      | Reached skill level 1 in Staves
   837 | D:2      | Reached skill level 1 in Ranged Weapons
   837 | D:2      | Reached skill level 1 in Throwing
   837 | D:2      | Reached skill level 1 in Dodging
   837 | D:2      | Reached skill level 1 in Stealth
   837 | D:2      | Reached skill level 1 in Unarmed Combat
   837 | D:2      | Reached skill level 1 in Evocations
   844 | D:2      | Found Ugubb's Armour Boutique.
   914 | D:2      | Reached XP level 4. HP: 34/34 MP: 8/8
   931 | D:2      | Noticed Robin
   947 | D:2      | Killed Robin
   948 | D:2      | Reached skill level 1 in Conjurations
   948 | D:2      | Reached skill level 1 in Summonings
   948 | D:2      | Reached skill level 1 in Necromancy
   948 | D:2      | Reached skill level 1 in Translocations
   948 | D:2      | Reached skill level 1 in Transmutations
   948 | D:2      | Reached skill level 1 in Fire Magic
   948 | D:2      | Reached skill level 1 in Ice Magic
   948 | D:2      | Reached skill level 1 in Air Magic
   948 | D:2      | Reached skill level 1 in Earth Magic
   948 | D:2      | Reached skill level 1 in Poison Magic
  1422 | D:3      | Noticed Sigmund
  1424 | D:3      | Noticed a sky beast
  1435 | D:3      | Killed Sigmund
  1436 | D:3      | Reached XP level 5. HP: 26/41 MP: 8/10
  1436 | D:3      | Reached XP level 6. HP: 29/47 MP: 8/11
  1447 | D:3      | Gained mutation: Potions are less effective at restoring
                  | your health. [potion of mutation]
  1447 | D:3      | Gained mutation: Your mind is acute. (Int +4, Str/Dex -1)
                  | [potion of mutation]
  1450 | D:3      | HP: 1/47 [sky beast (3)]
  1450 | D:3      | Slain by a sky beast

Illustrated notes

Levels and vault maps discovered:
D:1:      minmay_arrival_nine_rooms, layout_loops_ring,
          hellmonk_ecumenical_altar_run_dry
D:2:      layout_rooms, serial_shops, shop, uniq_robin
D:3:      layout_basic, mainiacjoe_overflow_catch_the_wave, uniq_sigmund

Skill      XL: |  1  2  3  4 |
---------------+-------------+-----
Invocations    | 1 2 |  2.1
Short Blades   | 1 |  1.9
Long Blades    | 1 |  1.9
Maces & Flails | 1 |  1.9
Polearms       | 1 |  1.9
Staves         | 1 |  1.9
Ranged Weapons | 1 |  1.9
Throwing       | 1 |  1.9
Dodging        | 1 |  1.9
Stealth        | 1 |  1.9
Unarmed Combat | 1 |  1.9
Evocations     | 1 |  1.9
Spellcasting   | 3 |  3.4
Conjurations   | 1 |  1.5
Summonings     | 1 |  1.5
Necromancy     | 1 |  1.5
Translocations | 1 |  1.5
Transmutations | 1 |  1.5
Fire Magic     | 1 |  1.5
Ice Magic      | 1 |  1.5
Air Magic      | 1 |  1.5
Earth Magic    | 1 |  1.5
Poison Magic   | 1 |  1.5
Fighting       | 3 |  3.2
Armour         | 3 |  3.2
Shields        | 3 |  3.2
Hexes          | 4 |  4.1
Axes           | |  8.7

Action                     |  1- 3 |  4- 6 || total
---------------------------+-------+-------++-------
  Melee: Hand axe          |    70 |    70 ||   140
         Bite              |     4 |     2 ||     6
   Cast: Slow              |     1 |     2 ||     3
    Use: Potion            |       |     1 ||     1
   Stab: Sleeping          |     2 |       ||     2
 Armour: Robe              |    16 |    19 ||    35
  Dodge: Dodged            |    45 |    31 ||    76
  Block: Buckler           |    18 |     9 ||    27
